General information
- name: BNet
- type: Ladder 1vs1/FFA
- host: Battle.net
- saver: sprt.0
map: CentaurGrove
- players: 2
- length: 62:32
- speed: Fast
- version: 1.24 W3XP
- replay type: Public
» download(207 KB)
Players
team 1 (loser)
iceroom (
pink | 106 APM | 6636 actions | 62:31)
8 Archmage
3 Blizzard
3 Brilliance Aura
1 Summon Water Elemental
1 Mass Teleport
5 Mountain King
3 Storm Bolt
2 Bash
» actions
| Assign group hotkey | 596 | |
| Basic commands | 1420 | |
| Build / train | 165 | |
| ESC pressed | 8 | |
| Enter build submenu | 52 | |
| Enter hero's abilities submenu | 12 | |
| Give item / drop item | 13 | |
| Remove unit from queue | 1 | |
| Right click | 1628 | |
| Select / deselect | 791 | |
| Select group hotkey | 1627 | |
| Use ability | 322 | |
6636 total
» units
| Peasant | 30 | |
| Footman | 6 | |
| Razormane Medicine Man | 1 | |
| Sorceress | 3 | |
| Goblin Shredder | 9 | |
| Goblin Zeppelin | 1 | |
| Dragonhawk Rider | 10 | |
| Spell Breaker | 6 | |
| Priest | 2 | |
| Gryphon Rider | 3 | |
| Flying Machine | 4 | |
75 total
» upgrades
| Masonry | 1 | |
| Lumber Harvesting | 1 | |
| Sorceress Training | 2 | |
| Cloud | 1 | |
| Armor | 2 | |
| Storm Hammers | 1 | |
| Swords | 1 | |
9 total
» buildings
| Altar of Kings | 1 | |
| Farm | 11 | |
| Barracks | 1 | |
| Scout Tower | 16 | |
| Arcane Tower | 5 | |
| Lumber Mill | 1 | |
| Keep | 2 | |
| Arcane Vault | 1 | |
| Blacksmith | 1 | |
| Guard Tower | 10 | |
| Town Hall | 7 | |
| Arcane Sanctum | 2 | |
| Castle | 5 | |
| Gryphon Aviary | 2 | |
| Workshop | 1 | |
66 total
» build order
00:18 Altar of Kings
00:23 Farm
00:50 Barracks
01:09 Farm
02:00 Farm
02:09 Scout Tower
02:38 Arcane Tower
02:54 Farm
02:59 Lumber Mill
03:44 Keep
05:17 Arcane Vault
05:44 Blacksmith
06:07 Scout Tower
06:10 Scout Tower
06:35 Farm
06:43 Guard Tower
06:47 Scout Tower
07:20 Guard Tower
07:34 Scout Tower
07:35 Scout Tower
07:37 Scout Tower
07:51 Scout Tower
08:07 Guard Tower
08:09 Town Hall
08:26 Guard Tower
08:47 Guard Tower
09:56 Arcane Sanctum
09:58 Arcane Sanctum
10:53 Scout Tower
10:54 Scout Tower
11:26 Guard Tower
11:29 Scout Tower
11:57 Arcane Tower
11:58 Arcane Tower
12:38 Farm
13:10 Scout Tower
13:41 Arcane Tower
14:36 Castle
14:37 Castle
15:24 Farm
15:45 Town Hall
16:04 Farm
16:35 Gryphon Aviary
16:58 Gryphon Aviary
17:13 Farm
18:42 Farm
18:44 Farm
24:52 Town Hall
26:21 Workshop
28:11 Town Hall
30:53 Scout Tower
31:05 Scout Tower
31:25 Town Hall
31:28 Arcane Tower
31:36 Guard Tower
31:41 Scout Tower
32:14 Scout Tower
32:17 Guard Tower
32:46 Guard Tower
40:59 Town Hall
46:06 Town Hall
» items
| Potion of Healing | 5 | |
| Scroll of Regeneration | 7 | |
| Boots of Speed | 2 | |
| Potion of Lesser Invulnerability | 2 | |
| Circlet of Nobility | 1 | |
| Scroll of Town Portal | 4 | |
| Potion of Mana | 1 | |
| Orb of Fire | 1 | |
| Tome of Retraining | 1 | |
24 total
team 2 (winner)
sprt.0 (
green | 77 APM | 4834 actions | 62:32)
8 Blademaster
3 Wind Walk
3 Critical Strike
1 Bladestorm
1 Mirror Image
7 Tauren Chieftain
2 Shockwave
3 Endurance Aura
2 Reincarnation
» actions
| Assign group hotkey | 81 | |
| Basic commands | 179 | |
| Build / train | 120 | |
| ESC pressed | 5 | |
| Enter build submenu | 37 | |
| Enter hero's abilities submenu | 14 | |
| Give item / drop item | 23 | |
| Right click | 2716 | |
| Select / deselect | 624 | |
| Select group hotkey | 745 | |
| Use ability | 290 | |
4834 total
» units
| Peon | 21 | |
| Wind Rider | 5 | |
| Troll Batrider | 26 | |
52 total
» upgrades
| Spiked Barricades | 1 | |
| Ranged Weapons | 3 | |
| Armor | 3 | |
| Ensnare | 1 | |
| Reinforced Defenses | 1 | |
| Liquid Fire | 1 | |
| Melee Weapons | 1 | |
11 total
» buildings
| Altar of Storms | 1 | |
| Orc Burrow | 5 | |
| Voodoo Lounge | 1 | |
| War Mill | 1 | |
| Watch Tower | 37 | |
| Stronghold | 1 | |
| Beastiary | 3 | |
| Great Hall | 2 | |
| Fortress | 1 | |
52 total
» build order
00:08 Altar of Storms
00:19 Orc Burrow
00:30 Voodoo Lounge
01:08 War Mill
01:52 Orc Burrow
02:48 Watch Tower
03:01 Watch Tower
03:19 Watch Tower
04:22 Stronghold
05:07 Watch Tower
05:07 Watch Tower
05:10 Watch Tower
05:11 Watch Tower
06:36 Orc Burrow
06:49 Beastiary
07:00 Beastiary
09:18 Orc Burrow
11:17 Great Hall
13:16 Orc Burrow
13:18 Watch Tower
13:18 Watch Tower
13:19 Watch Tower
13:20 Watch Tower
13:20 Watch Tower
13:21 Watch Tower
15:56 Fortress
17:00 Beastiary
18:36 Watch Tower
18:37 Watch Tower
18:38 Watch Tower
18:39 Watch Tower
18:40 Watch Tower
20:15 Watch Tower
20:16 Watch Tower
21:02 Watch Tower
21:03 Watch Tower
21:05 Watch Tower
21:06 Watch Tower
21:06 Watch Tower
21:07 Watch Tower
24:23 Watch Tower
24:24 Watch Tower
24:25 Watch Tower
31:01 Watch Tower
32:05 Watch Tower
34:56 Great Hall
58:21 Watch Tower
58:55 Watch Tower
59:29 Watch Tower
60:01 Watch Tower
60:06 Watch Tower
60:11 Watch Tower
» items
| Healing Salve | 6 | |
| Lesser Clarity Potion | 12 | |
| Boots of Speed | 2 | |
| Potion of Healing | 5 | |
| Periapt of Vitality | 2 | |
| Potion of Lesser Invulnerability | 3 | |
| Scroll of Town Portal | 1 | |
| Orb of Lightning | 1 | |
| Staff of Teleportation | 1 | |
| Tiny Great Hall | 1 | |
34 total
Chat log
(19:34 / All) iceroom: gg
(19:39 / All) sprt.0: ?
(48:51 / All) iceroom: gg
(48:55 / All) sprt.0: haha yeah
(48:56 / All) sprt.0: damn gg
(49:40 / All) sprt.0: are you smurfin too?
(50:01 / All) sprt.0: you play well for someone id run into on my smurf account
(50:08 / All) sprt.0: I mean you play well in general
(52:45 / All) sprt.0: when did u get 6
(62:17 / All) sprt.0: gg